AoeStats
← The Faver

Black Forest

505122070Analyzed
1v1 RM · 25d ago on Sep 7, 2026· 50m 41s· 2 players
Game mode
Random Map
Map size
Tiny (2 player)
Population
200
Speed
Normal
Resources
Standard
Victory
Conquest
Starting age
Dark Age
Ending age
Imperial Age
RankedLock teamsTeams togetherTeam positionsShared explorationLock speedFull tech treeHidden civsTurbo modeCheats
Victory
Defeat
🇧🇷 Bulgarians · Brazil
950
+16
🇺🇸 Burgundians · United States
949
-16
Lonach
0:29 Loom
8:38 Double-Bit Axe
13:31 Feudal Age
13:51 Gold Mining
14:54 Fletching
17:19 Forging
17:13 Scale Mail Armor
23:37 Bow Saw
25:51 Castle Age
26:46 Bodkin Arrow
29:59 Wheelbarrow
32:11 Two-Man Saw
31:44 Forging
33:39 Chain Mail Armor
33:29 Squires
37:35 Hand Cart
38:57 Iron Casting
The Faver
2:42 Loom
11:02 Feudal Age
12:04 Double-Bit Axe
13:34 Horse Collar
22:56 Castle Age
21:32 Wheelbarrow
21:41 Gold Mining
24:48 Scale Mail Armor
28:54 Stirrups
29:19 Chain Mail Armor
29:41 Gambesons
29:57 Squires
30:09 Forging
33:15 Iron Casting
32:13 Pikeman
38:05 Bloodlines
37:56 Husbandry
38:32 Light Cavalry
39:54 Hand Cart
39:55 Bow Saw
43:28 Imperial Age
41:52 Masonry
42:54 Heavy Plow
43:50 Gold Shaft Mining
44:36 Conscription
43:57 Halberdier
45:30 Hussar
48:11 Crop Rotation
49:02 Arson
49:19 Bagains
51:07 Plate Mail Armor
51:37 Blast Furnace
Connection lost

Rejoining the realm…

Still unreachable

The connection could not be restored.

Session expired

The server has moved on; the page needs a fresh start.